 Dungeon Crawl Stone Soup version 0.29.0-7-g18a832c13a (webtiles) character file.

Game seed: 3051628989409030828

115 gelatine the Gusty (level 5, 0/42 HPs)
             Began as a Naga Air Elementalist on Aug 31, 2022.
             Was a Follower of Okawaru.
             Slain by Grinder (4 damage)
             ... on level 4 of the Dungeon.
             The game lasted 00:13:34 (3460 turns).

gelatine the Gusty (Naga Air Elementalist)          Turns: 3460, Time: 00:13:36

Health: 0/42       AC:  4    Str: 11    XL:     5   Next: 0%
Magic:  3/8        EV: 10    Int: 17    God:    Okawaru [*.....]
Gold:   41         SH:  0    Dex: 11    Spells: 3/9 levels left

rFire   . . .      SeeInvis +   d - +0 spear
rCold   . . .      Faith    .   (no shield)
rNeg    . . .      Spirit   .   a - +0 robe
rPois   +          Reflect  .   n - +1 helmet
rElec   .          Harm     .   (no cloak)
rCorr   .          Rampage  .   (no gloves)
Will    .....                   (no barding)
Stlth   ++........              u - amulet of magic regeneration
HPRegen 0.14/turn               j - ring of wizardry
MPRegen 0.51/turn               v - ring of wizardry

@: very slow
A: AC +1, large, see invisible, deformed body, poison resistance, slowness 2,
spit poison 1, naga tail 1
a: Spit Poison, Renounce Religion, Heroism


You were on level 4 of the Dungeon.
You worshipped Okawaru.
Okawaru was aware of your devotion.
You visited 1 branch of the dungeon, and saw 4 of its levels.

You collected 195 gold pieces.
You spent 154 gold pieces at shops.

Inventory:

Hand Weapons
 d - a +0 spear (weapon)
 g - a +0 short sword
 i - a +0 trident
Armour
 a - a +0 robe (worn)
 n - a +1 helmet (worn)
Jewellery
 j - a ring of wizardry (left hand)
 u - an amulet of magic regeneration (around neck)
 v - a ring of wizardry (right hand)
Scrolls
 b - a scroll of noise
 f - a scroll of immolation
 h - a scroll of brand weapon
 o - a scroll of amnesia
 r - 2 scrolls of teleportation
Potions
 c - 2 potions of curing {unknown}
 e - 2 potions of lignification {unknown}
 k - 2 potions of degeneration {unknown}
 l - 2 potions of haste {unknown}
 q - 2 potions of mutation {unknown}
 s - a potion of berserk rage {unknown}
 t - a potion of attraction {unknown}


   Skills:
 * Level 0.2 Fighting
 + Level 0.1 Polearms
 + Level 1.8 Dodging
 + Level 3.1 Stealth
 + Level 2.6 Spellcasting
 + Level 1.9 Conjurations
 + Level 4.3 Air Magic
 * Level 1.0 Invocations


You had 3 spell levels left.
You knew the following spells:

 Your Spells              Type           Power      Damage    Failure   Level
a - Shock                 Conj/Air       48%        1d6       1%          1
b - Static Discharge      Conj/Air       12%        3-5/arc   2%          2
c - Swiftness             Air            16%        N/A       2%          3

Your spell library contained the following spells:

 Spells                   Type           Power      Damage    Failure   Level
 Poisonous Vapours        Pois/Air       18%        N/A       3%          2
 Ensorcelled Hibernation  Hex/Ice        4%         N/A       8%          2
 Airstrike                Air            8%         2d(2-18)  9%          4
 Corpse Rot               Necr/Pois/Air  7%         N/A       24%         4
 Ice Form                 Ice/Tmut       2%         N/A       41%         4
 Fireball                 Conj/Fire      2%         3d4       61%         5
 Conjure Ball Lightning   Conj/Air       6%         3x3d6     86%         6
 Discord                  Hex            1%         N/A       100%        8
 Disjunction              Tloc           1%         N/A       100%        8
 Polar Vortex             Ice            1%         N/A       100%        9


Dungeon Overview and Level Annotations

Branches:
Dungeon (4/15)
 Temple: D:4-7

Altars:
Okawaru
Yredelemnul

Shops:
D:2 **[   D:3 :   D:4 *

Annotations:
D:4 Grinder


Innate Abilities, Weirdness & Mutations

Your serpentine skin is tough. (AC +1)
You have supernaturally acute eyesight. (SInv)
Armour fits poorly on your strangely shaped body.
Your system is resistant to poisons. (rPois)
You cover ground very slowly.
You can spit poison.
You have a snake-like lower body.


Message History

Casting: Static Discharge (safe; 2% risk of failure)
Confirm with . or Enter, or press ? or * to list all spells.
You don't have enough magic to cast this spell.
You are too injured to fight recklessly!
Casting: Static Discharge (safe; 2% risk of failure)
Confirm with . or Enter, or press ? or * to list all spells.
Aiming: Shock (safe; 1% risk of failure)
Press: ? - help, Shift-Dir - straight line, f/p - Grinder
Aim: Grinder (severely wounded, 64% to hit)
The zap hits Grinder.
Grinder is almost dead.
Grinder gestures at you.
You suddenly lose the ability to move!
Grinder completely misses you.
You hear the slow hiss of an avalanche of sand very nearby.
You hear the slow rusting of a very distant drain.
Grinder gestures at you. Pain shoots through your body!
* * * LOW HITPOINT WARNING * * *
You can move again.
You hit Grinder.
Grinder is almost dead.
Grinder hits you.
* * * LOW HITPOINT WARNING * * *
You writhe in agony.
* * * LOW HITPOINT WARNING * * *
Your magical contamination has completely faded away.
You closely miss Grinder.
Grinder is almost dead.
Grinder hits you but does no damage.
Okay, then.
Casting: Shock (safe; 1% risk of failure)
Confirm with . or Enter, or press ? or * to list all spells.
Aiming: Shock (safe; 1% risk of failure)
Press: ? - help, Shift-Dir - straight line, f/p - Grinder
Aim: Grinder (almost dead, 64% to hit)
The zap hits Grinder.
Grinder is almost dead.
Grinder hits you.
You die...

*,,,8,,,,..........<..*,,,,,,,,*
*,,,,,,,,,...........,,,,,,,,,,*
******,,,,,.........,,,,,,,,,,,,
*,*****.......,,,,..,,,,,*,
*******,*****,.....,,,,...,,,,,,,
,,,,,*,,,,,*,,,...,,,,....,,,,,,,
,,,,,,,,,,,,,**#.#***#......,,,,,
,,,,,,.......* #5# *.......(,,,*,
,,,,,,.......* #@###........,,,*,
,,,,>,.......* #.....#......,,,,,
,,,,,,.......* #.#.###......,,,**
,,,,,,.......* ###.##.......,,,*
,,,,,,.......#####.#........,,,*
,,,,,,...........#..∩.#*,,,,,*,*
,,,,,*...<............#***,***,*
******###.##..###.........,***,**
#....<##..#######..,,,,,,


You could see Grinder.

Vanquished Creatures
  4 adders
  2 worms
  3 dart slugs
  3 endoplasms
  3 giant cockroaches
  2 goblins
  8 hobgoblins
  7 jackals
  6 quokkas
  6 ball pythons
  4 bats
  6 frilled lizards
  4 kobolds
  9 rats
67 creatures vanquished.

Vanquished Creatures (others)
  10 plants (D:1)
10 creatures vanquished.

Grand Total: 77 creatures vanquished

Notes
Turn   | Place    | Note
-------+----------+-------------------------------------------
     0 | D:1      | gelatine the Naga Air Elementalist began the quest for the
                  | Orb.
     0 | D:1      | Reached XP level 1. HP: 15/15 MP: 3/3
    99 | D:1      | Reached XP level 2. HP: 16/22 MP: 3/5
   333 | D:1      | Found a faded altar of an unknown god.
   338 | D:1      | Prayed at the altar of an unknown god.
   338 | D:1      | Became a worshipper of Warmaster Okawaru
   338 | D:1      | Reached * piety under Okawaru
   648 | D:1      | Reached XP level 3. HP: 14/28 MP: 1/6
   805 | D:1      | Learned a level 2 spell: Static Discharge
  1115 | D:2      | Found Qeleu's Assorted Antiques.
  1133 | D:2      | Bought 2 metallic pink potions for 34 gold pieces
  1251 | D:2      | Found Ihewoax's Armour Emporium.
  1517 | D:2      | Learned a level 3 spell: Swiftness
  1587 | D:2      | Found Behuss's General Store.
  1590 | D:2      | Bought a scroll of identify for 24 gold pieces
  2116 | D:2      | Reached XP level 4. HP: 36/36 MP: 3/7
  2316 | D:2      | Got Sif Muna's Spellbook of Shivering Damage Dealing
  2526 | D:2      | Bought 2 scrolls of teleportation for 72 gold pieces
  2526 | D:2      | Bought a scroll of identify for 24 gold pieces
  2720 | D:3      | Found a basalt altar of Yredelemnul.
  2853 | D:3      | Reached skill level 4 in Air Magic
  2989 | D:3      | Found Daink's Vocational Training.
  3300 | D:3      | Reached skill level 1 in Invocations
  3419 | D:4      | Found Ibuvos's Assorted Antiques.
  3437 | D:4      | Noticed Grinder
  3439 | D:4      | Paralysed by Grinder for 4 turns
  3445 | D:4      | Reached XP level 5. HP: 42/42 MP: 6/8
  3455 | D:4      | Paralysed by Grinder for 3 turns
  3460 | D:4      | Slain by Grinder

Illustrated notes

Levels and vault maps discovered:
D:1:      lemuel_arrival_hallway, layout_rooms, basic_ecumenical_altar,
          serial_bayou_ford_a, feat_on_display
D:2:      kennysheep_big_flooded_room, layout_basic, serial_shops,
          nicolae_shop_statue_plus, nicolae_shop_crystal, shop_coins,
          minmay_indecisive_spiral
D:3:      layout_loops_ring, lemuel_coloured_pillars_altar,
          nicolae_shop_vocational
D:4:      layout_rooms, mainiacjoe_overflow_chevrons, portal_sewer_entry_e,
          serial_shops, shop, nicolae_ossuary_entry_monument, uniq_grinder

Skill      XL: |  1  2  3  4 |
---------------+-------------+-----
Air Magic      | 4 |  4.3
Invocations    | 1 |  1.0
Fighting       | |  0.2
Polearms       | |  0.1
Dodging        | |  1.8
Stealth        | |  3.1
Spellcasting   | |  2.6
Conjurations   | |  1.9

Action                   |  1- 3 |  4- 6 || total
-------------------------+-------+-------++-------
Melee: Spear             |    10 |     5 ||    15
       Short sword       |    21 |       ||    21
       Punch             |       |     1 ||     1
 Cast: Shock             |    70 |    57 ||   127
       Static Discharge  |     4 |     7 ||    11
       Swiftness         |       |     2 ||     2
 Abil: Spit Poison       |     1 |       ||     1
  Use: Potion            |     1 |       ||     1
       Scroll            |     6 |     3 ||     9
Armor: Robe              |    17 |     6 ||    23
Dodge: Dodged            |    35 |     7 ||    42
